 Dungeon Crawl Stone Soup version 0.24.1-5-g77f818bfca (webtiles) character file.

Game seed: 9894817936382581691, levelgen mode: deterministic

608673 Peloso the Hoplite (level 26, -6/261 HPs)
             Began as a Demonspawn Fighter on Apr 25, 2020.
             Was the Champion of Okawaru.
             Killed from afar by Gyepp the pandemonium lord (9 damage)
             ... with a bolt of lightning
             ... on level 4 of a ziggurat.
             The game lasted 03:41:29 (80412 turns).

Peloso the Hoplite (Demonspawn Fighter)            Turns: 80412, Time: 03:41:30

Health: -6/261     AC: 39    Str: 42    XL:     26   Next: 69%
Magic:  0/27       EV: 20    Int: 12    God:    Okawaru [******]
Gold:   6477       SH: 37    Dex: 18    Spells: 25/25 levels left

rFire    + . .     SeeInvis +   a - +7 double sword (vamp)
rCold    + + .     Gourm    .   c - +2 large shield {AC+3}
rNeg     + + +     Faith    .   y - +8 orange crystal plate armour {Archmagi, Int+3 Clar}
rPois    +         Spirit   +   (helmet unavailable)
rElec    +         Reflect  +   B - scarf {cloud immunity}
rCorr    .         Harm     .   (gloves unavailable)
MR       ++++.     Clarity  +   (boots unavailable)
Stlth    ..........             M - +4 amulet of reflection
HPRegen  0.53/turn              e - ring of Yxuleshreugi {*Drain rN+++ MR+ Str+9 Int-5}
MPRegen  0.40/turn              J - ring "Erepatwa" {rF+ rC++ Int+4}

@: mighty, agile, heroism, berserk cooldown, slowed, very slow
A: claws 3, horns 3, talons 3, see invisible, magic resistance 2, poison
resistance, powered by pain 3, robust 2, electricity resistance, magic shield,
magic regeneration, magic link, MP-powered wands
}: 3/15 runes: barnacled, silver, gossamer
a: Heroism, Finesse, Renounce Religion


You were on level 4 of a ziggurat.
You worshipped Okawaru.
Okawaru was exalted by your worship.
You were hungry.

You visited 11 branches of the dungeon, and saw 49 of its levels.
You visited the Abyss 2 times.
You visited 1 ziggurat, and saw 4 of its levels.
You also visited: Trove, Gauntlet, Ice Cave and Wizlab.

You collected 7693 gold pieces.
You spent 1216 gold pieces at shops.

Inventory:

Hand Weapons
 a - a +7 vampiric double sword (weapon)
 b - a +6 demon blade of electrocution
 q - a +5 demon blade of flaming
Armour
 c - a +2 large shield of protection (worn)
 h - a +0 troll leather armour
 k - a scarf of resistance
 y - the +8 orange crystal plate armour (worn) {Archmagi, Int+3 Clar}
   (Okawaru gifted it to you on level 3 of the Lair of Beasts)

   It affects your intelligence (+3).
   It protects you against confusion.
 B - a scarf of cloud immunity (worn)
Jewellery
 e - the ring of Yxuleshreugi (left claw) {*Drain rN+++ MR+ Str+9 Int-5}
   (You acquired it on level 1 of the Lair of Beasts)

   [ring of protection from magic]

   It affects your strength (+9).
   It affects your intelligence (-5).
   It renders you almost immune to negative energy.
   It affects your resistance to hostile enchantments.
   It causes draining when unequipped.
 G - an uncursed ring of resist corrosion
 J - the ring "Erepatwa" (right claw) {rF+ rC++ Int+4}
   (You found it on level 4 of the Shoals)

   [ring of protection from fire]

   It affects your intelligence (+4).
   It protects you from fire.
   It greatly protects you from cold.
 M - a +4 amulet of reflection (around neck)
Wands
 t - a wand of clouds (10)
 K - a wand of digging (2)
Scrolls
 g - 28 scrolls of remove curse
 j - 10 scrolls of fear
 l - a scroll of fog
 m - 5 scrolls of magic mapping
 o - 7 scrolls of blinking
 r - 31 scrolls of identify
 v - 18 scrolls of teleportation
 w - a scroll of amnesia
 x - a scroll of enchant armour
 V - 2 scrolls of noise
Potions
 d - 11 potions of might
 i - 7 potions of heal wounds
 n - 7 potions of flight
 s - 4 potions of berserk rage
 u - 19 potions of curing
 A - 4 potions of resistance
 I - 10 potions of haste
 O - 4 potions of mutation
Miscellaneous
 E - a lamp of fire
 P - a lamp of fire
Comestibles
 f - 66 rations
 p - 4 chunks of flesh


   Skills:
 + Level 20.2(25.2) Fighting
   Level 1.6(18.9) Short Blades
 + Level 20.3(25.3) Long Blades
 + Level 17.6(22.6) Armour
 + Level 4.8(9.8) Dodging
 + Level 2.6(7.6) Stealth
 + Level 26.9(27) Shields
 + Level 6.3 Invocations
 + Level 1.8 Evocations


You had 25 spell levels left.
You didn't know any spells.
Your spell library contained the following spells:

 Spells                   Type           Power        Failure   Level  Hunger
 Animate Skeleton         Necr           N/A          83%         1    ##.....
 Apportation              Tloc           #.....       83%         1    ##.....
 Beastly Appendage        Tmut           #.....       83%         1    ##.....
 Confusing Touch          Hex            #.....       83%         1    ##.....
 Corona                   Hex            #......      83%         1    ##.....
 Flame Tongue             Conj/Fire      #....        83%         1    ##.....
 Freeze                   Ice            #...         83%         1    ##.....
 Infusion                 Chrm           #...         83%         1    ##.....
 Magic Dart               Conj           #...         83%         1    ##.....
 Pain                     Necr           #...         83%         1    ##.....
 Sandblast                Erth           #.....       83%         1    ##.....
 Shock                    Conj/Air       #...         83%         1    ##.....
 Sting                    Conj/Pois      #...         83%         1    ##.....
 Summon Butterflies       Summ           #.......     83%         1    ##.....
 Summon Small Mammal      Summ           #...         83%         1    ##.....
 Blink                    Tloc           N/A          92%         2    ###....
 Call Imp                 Summ           #.......     92%         2    ###....
 Passwall                 Tmut/Erth      #.......     92%         2    ###....
 Poisonous Vapours        Pois/Air       #.....       92%         2    ###....
 Shroud of Golubria       Chrm/Tloc      #.....       92%         2    ###....
 Slow                     Hex            #.......     92%         2    ###....
 Song of Slaying          Chrm           #.......     92%         2    ###....
 Sticks to Snakes         Tmut           #.......     92%         2    ###....
 Swiftness                Chrm/Air       #.......     92%         2    ###....
 Throw Flame              Conj/Fire      #.....       92%         2    ###....
 Throw Frost              Conj/Ice       #.....       92%         2    ###....
 Call Canine Familiar     Summ           #.......     99%         3    ####...
 Conjure Flame            Conj/Fire      #.......     99%         3    ####...
 Gell's Gravitas          Tloc           #.........   99%         3    ####...
 Inner Flame              Hex/Fire       #.......     99%         3    ####...
 Lesser Beckoning         Tloc           #.........   99%         3    ####...
 Mephitic Cloud           Conj/Pois/Air  #.......     99%         3    ####...
 Ozocubu's Armour         Chrm/Ice       #.......     99%         3    ####...
 Portal Projectile        Hex/Tloc       #.....       99%         3    ####...
 Recall                   Summ/Tloc      N/A          99%         3    ####...
 Regeneration             Chrm/Necr      #.........   99%         3    ####...
 Spectral Weapon          Hex/Chrm       #.......     99%         3    ####...
 Spider Form              Tmut/Pois      #.........   99%         3    ####...
 Static Discharge         Conj/Air       #.......     99%         3    ####...
 Stone Arrow              Conj/Erth      #.....       99%         3    ####...
 Summon Guardian Golem    Hex/Summ       #.......     99%         3    ####...
 Teleport Other           Tloc           #.......     99%         3    ####...
 Tukima's Dance           Hex            #.......     99%         3    ####...
 Vampiric Draining        Necr           #.........   99%         3    ####...
 Airstrike                Air            #.........   100%        4    #####..
 Animate Dead             Necr           N/A          100%        4    #####..
 Cause Fear               Hex            #.........   100%        4    #####..
 Force Lance              Conj/Tloc      #.......     100%        4    #####..
 Ice Form                 Ice/Tmut       #.......     100%        4    #####..
 Leda's Liquefaction      Hex/Erth       #.........   100%        4    #####..
 Olgreb's Toxic Radiance  Pois           #.......     100%        4    #####..
 Passage of Golubria      Tloc           N/A          100%        4    #####..
 Petrify                  Tmut/Erth      #.......     100%        4    #####..
 Sticky Flame             Conj/Fire      #.......     100%        4    #####..
 Summon Ice Beast         Ice/Summ       #.......     100%        4    #####..
 Summon Lightning Spire   Summ/Air       #.......     100%        4    #####..
 Throw Icicle             Conj/Ice       #.......     100%        4    #####..
 Alistair's Intoxication  Tmut/Pois      #.......     100%        5    ######.
 Blade Hands              Tmut           #.........   100%        5    ######.
 Bolt of Draining         Conj/Necr      #.........   100%        5    ######.
 Borgnjor's Vile Clutch   Necr/Erth      #.........   100%        5    ######.
 Fireball                 Conj/Fire      #.........   100%        5    ######.
 Irradiate                Conj/Tmut      #.........   100%        5    ######.
 Lee's Rapid Deconstruct  Erth           #.........   100%        5    ######.
 Lightning Bolt           Conj/Air       #.........   100%        5    ######.
 Metabolic Englaciation   Hex/Ice        #.........   100%        5    ######.
 Silence                  Hex/Air        #.........   100%        5    ######.
 Summon Mana Viper        Hex/Summ       #.......     100%        5    ######.
 Venom Bolt               Conj/Pois      #.........   100%        5    ######.
 Yara's Violent Unravell  Hex/Tmut       #.........   100%        5    ######.
 Bolt of Cold             Conj/Ice       #.........   100%        6    #######
 Bolt of Fire             Conj/Fire      #.........   100%        6    #######
 Conjure Ball Lightning   Conj/Air       #.........   100%        6    #######
 Darkness                 Hex            #.........   100%        6    #######
 Death Channel            Necr           #.........   100%        6    #######
 Deflect Missiles         Chrm/Air       #.........   100%        6    #######
 Dispersal                Tloc           #.........   100%        6    #######
 Freezing Cloud           Conj/Ice/Air   #.........   100%        6    #######
 Hydra Form               Tmut           #.........   100%        6    #######
 Invisibility             Hex            #.......     100%        6    #######
 Ozocubu's Refrigeration  Ice            #.........   100%        6    #######
 Simulacrum               Ice/Necr       #.........   100%        6    #######
 Statue Form              Tmut/Erth      #........    100%        6    #######
 Dragon Form              Tmut           #.........   100%        7    #######
 Malign Gateway           Summ/Tloc      #.........   100%        7    #######
 Monstrous Menagerie      Summ           #.........   100%        7    #######
 Summon Greater Demon     Summ           #.........   100%        7    #######
 Summon Hydra             Summ           #.........   100%        7    #######
 Controlled Blink         Tloc           N/A          100%        8    #######
 Discord                  Hex            #.........   100%        8    #######
 Disjunction              Tloc           #.........   100%        8    #######
 Ignition                 Fire           #.........   100%        8    #######
 Summon Horrible Things   Summ           #.........   100%        8    #######
 Dragon's Call            Summ           #.........   100%        9    #######
 Shatter                  Erth           #.........   100%        9    #######
 Tornado                  Air            #.........   100%        9    #######


Dungeon Overview and Level Annotations

Branches:
Dungeon (15/15)            Temple (1/1) D:4            Lair (6/6) D:8
 Shoals (4/4) Lair:4       Spider (4/4) Lair:3        Slime (0/5) Lair:5
    Orc (2/2) D:11            Elf (3/3) Orc:2        Vaults (5/5) D:14
  Crypt (3/3) Vaults:3       Tomb (0/3) Crypt:3      Depths (5/5) D:15
    Zot (1/5) Depths:5      IceCv (visited)          WizLab (visited)
Gauntlet (visited)

Altars:
Ashenzari
Dithmenos
Elyvilon
Fedhas
Gozag
Hepliaklqana
Kikubaaqudgha
Makhleb
Nemelex Xobeh
Okawaru
Qazlal
Ru
Sif Muna
Trog
Uskayaw
Vehumet
Wu Jian
Xom
Yredelemnul
Zin
The Shining One
Beogh
Jiyva

Shops:
D:4 !   D:11 }=   D:12 (   Orc:2 ?([*   Elf:1 !   Vaults:2 (   Vaults:4 [![:%
Vaults:5 ??!   Depths:1 *

Portals:
Hell: Depths:1 Depths:2 Depths:3 Depths:4 Depths:5
Abyss: Depths:2 Depths:4 Depths:5
Pandemonium: Depths:3 Depths:4

Annotations:
D:4 3 runed translucent doors, qnok's ghost, novice OpFi
Orc:2 2 runed translucent doors, engine7v's ghost, journeyman DsBe
Elf:2 3 runed translucent doors
Elf:3 2 runed translucent doors, releu's ghost, adept MiFi
Depths:5 4 runed translucent doors


Innate Abilities, Weirdness & Mutations

You have claws for hands.
You have a pair of large horns on your head.
You have claws for feet.
You are powered by pain.
You are very robust. (+20% HP)
When hurt, damage is shared between your health and your magic reserves.
You regenerate magic rapidly.
When low on magic, you restore magic in place of health.
You have supernaturally acute eyesight. (SInv)
You are highly resistant to hostile enchantments. (MR++)
Your system is resistant to poisons. (rPois)
You are resistant to electric shocks. (rElec)
You expend magic power (3 MP) to strengthen your wands.


Message History

The sun demon resists.
The living lightning hits you! You resist.
* * * LOW HITPOINT WARNING * * *
Gyepp blinks!
You block the sun demon's attack. You block the red devil's attack.
You feel a strong urge to attack something.
You block Gyepp's attack.
Unknown command.
You closely miss Gyepp. Your kick misses Gyepp.
Gyepp is almost dead.
You are no longer berserk.
You are exhausted.
You feel yourself slow down. Gyepp gestures at you.
The bolt of lightning hits you! You resist.
* * * LOW HITPOINT WARNING * * *
The bolt of lightning hits the sun demon!
The sun demon resists.
The bolt of lightning hits the sun demon!
The sun demon resists.
The bolt of lightning hits you! You resist.
You die...

▓▓▓▓▓▓▓▓▓
▓▓.......▓▓
▓▓.........▓▓
▓∩..........▓▓
)>?......&.∩.▓
▓∩.....XX@4.▓▓
▓.....)X3.▓▓
▓▓.......▓▓
▓▓▓▓▓▓▓▓▓


You could see Gyepp, a sun demon, 3 large abominations and a red devil.

Vanquished Creatures
  3 ancient liches
  Mennas (Depths:3)
  A juggernaut (Depths:4)
  Sojobo (Vaults:2)
  Boris (Depths:4)
  The ghost of Gyepyurr the Fencer, a veteran BaIE of Cheibriados (Depths:4)
  Margery (Crypt:3)
  Saint Roka (Depths:4)
  A curse toe (Crypt:3)
  A caustic shrike (Depths:3)
  3 golden dragons
  Jory (Vaults:2)
  Nikola (Shoals:1)
  A bone dragon (Depths:5)
  4 liches
  A Brimstone Fiend (Zig:4)
  6 tentacled monstrosities
  Rupert (D:14)
  5 titans
  2 deep elf master archers
  4 quicksilver dragons
  2 deep elf blademasters (Elf:2)
  2 krakens
  3 acid blobs (Depths:5)
  9 ancient champions
  Polyphemus (Shoals:3)
  6 sphinxes
  Agnes (Spider:1)
  5 storm dragons
  A tentacled starspawn (Abyss:3)
  13 tengu reavers
  Kirke (Lair:4)
  A revenant (Crypt:3)
  Roxanne (Shoals:2)
  7 azure jellies (Depths:5)
  4 shadow dragons
  5 deep elf sorcerers
  A draconian scorcher (Depths:5)
  A juggernaut zombie (Depths:4)
  Ilsuiw (Shoals:3)
  11 fire giants
  4 draconian knights
  3 spectral juggernauts (Depths:4)
  An orc warlord (Orc:2)
  2 ghost moths (Spider:4)
  Louise (D:15)
  7 frost giants
  A balrug (Zig:1)
  17 vault wardens
  9 emperor scorpions
  14 ironheart preservers
  5 deep elf elementalists
  2 draconian annihilators
  4 entropy weavers
  2 caustic shrike skeletons (Crypt:3)
  27 stone giants
  18 very ugly things
  13 vampire knights
  4 war gargoyles (Vaults:5)
  A corrupter (Zig:4)
  6 green draconians
  2 white draconians (Depths:5)
  A minotaur (Gauntlet)
  Nessos (D:14)
  3 black draconians (Depths:5)
  7 purple draconians
  9 deep elf demonologists
  5 yellow draconians
  2 red draconians
  5 deep elf annihilators
  5 spark wasps
  2 spectral titans (Depths:4)
  19 deep elf death magi
  6 eidola
  12 ettins
  2 blizzard demons (IceCv)
  8 merfolk impalers
  6 merfolk javelineers (Shoals:4)
  Snorg (Lair:3)
  2 death oozes (Depths:5)
  10 fire dragons
  17 yaktaur captains
  15 great orbs of eyes
  A quicksilver dragon skeleton (Crypt:3)
  4 deep elf high priests
  18 ogre magi
  13 ice dragons
  12 jiangshi
  9 rakshasas
  5 hydras
  An alligator snapping turtle (Shoals:4)
  Harold (D:11)
  25 vault guards
  A catoblepas (Shoals:3)
  5 death knights
  3 spriggan air magi
  A spectral stone giant (Depths:4)
  Erica (Lair:2)
  5 merfolk aquamancers
  6 centaur warriors
  3 merfolk avatars
  A juggernaut simulacrum (Depths:4)
  5 satyrs
  47 two-headed ogres
  8 vampire magi
  A queen ant (shapeshifter) (Vaults:5)
  8 tengu warriors
  A queen ant (Spider:3)
  3 shock serpents (Zig:2)
  3 death yaks (Shoals:3)
  3 spriggan berserkers
  13 deep troll shamans
  6 dancing weapons
  An orc high priest (Orc:2)
  A shock serpent (shapeshifter) (Depths:3)
  Urug (Lair:3)
  2 titan zombies
  15 deep troll earth magi
  16 deep elf knights
  An iron troll (shapeshifter) (Vaults:5)
  4 iron trolls
  17 hell knights
  5 shadow wraiths
  5 titan skeletons (Crypt:3)
  Nergalle (Lair:1)
  A fire crab (shapeshifter) (Depths:3)
  A salamander mystic (Depths:1)
  3 unseen horrors
  42 deep trolls
  13 sea snakes
  5 flayed ghosts
  An unseen horror (shapeshifter) (Vaults:5)
  2 glowing orange brains (shapeshifter) (Vaults:5)
  45 skeletal warriors
  13 phantasmal warriors
  3 glowing orange brains
  A deep troll (shapeshifter) (Depths:3)
  16 deep elf archers
  An orange crystal statue (Depths:1)
  7 wizards
  10 necromancers
  13 orc knights
  24 harpies
  13 ironbrand convokers
  A shadow dragon skeleton (Crypt:3)
  2 orc sorcerers
  22 orb spiders
  23 wolf spiders
  6 fire giant zombies
  41 slime creatures
  16 fauns
  3 salamanders (Depths:1)
  65 deep elf magi
  An oklob plant (Lair:6)
  3 moths of wrath
  2 frost giant zombies (Crypt:1)
  19 ugly things
  A moth of wrath (shapeshifter) (Vaults:5)
  7 manticores
  A salamander (shapeshifter) (Depths:3)
  A manticore (shapeshifter) (Gauntlet)
  2 stone giant zombies (Depths:4)
  A cyclops (shapeshifter) (D:15)
  A human zombie (Vaults:2)
  10 cyclopes
  2 iron dragon skeletons (Crypt:3)
  A black mamba (shapeshifter) (D:15)
  15 merfolk sirens
  2 fire giant skeletons (Crypt:3)
  4 black mambas
  3 elephants (Lair:6)
  An elephant (shapeshifter) (Zig:3)
  10 vault sentinels
  6 torpor snails
  8 water nymphs
  2 stone giant skeletons
  A rime drake (shapeshifter) (Depths:1)
  15 spiny frogs
  4 centaur skeletons
  An elephant slug zombie (Crypt:2)
  A minotaur zombie (Crypt:3)
  An alligator snapping turtle zombie (Crypt:3)
  A torpor snail (shapeshifter) (Depths:2)
  4 titan simulacra (Depths:4)
  2 shock serpent skeletons (Crypt:3)
  A hellion (Abyss:3)
  6 rime drakes
  A komodo dragon (shapeshifter) (Vaults:2)
  9 komodo dragons
  A yaktaur (shapeshifter) (Vaults:3)
  9 freezing wraiths
  7 ice devils (IceCv)
  21 demonic crawlers
  4 anaconda simulacra (IceCv)
  7 tengu conjurers
  36 yaktaurs
  An entropy weaver simulacrum (Vaults:2)
  A catoblepas skeleton (Crypt:3)
  19 merfolk
  41 jumping spiders
  A merfolk (shapeshifter) (Vaults:3)
  A meliai (shapeshifter) (Depths:4)
  11 trolls
  10 hornets
  A wind drake (shapeshifter) (Vaults:4)
  4 polar bears (Lair:6)
  4 wind drakes
  2 hippogriffs (shapeshifter)
  A hydra skeleton (Crypt:3)
  7 snapping turtles
  A wolf spider simulacrum (D:14)
  9 blink frogs (Lair:6)
  An alligator zombie (Crypt:2)
  A raiju (Crypt:1)
  A snapping turtle (shapeshifter) (Vaults:5)
  12 hippogriffs
  26 flying skulls
  6 dream sheep
  An ice dragon zombie (Crypt:3)
  4 air elementals
  4 stone giant simulacra (Depths:4)
  A black mamba zombie (Crypt:3)
  A shadow (Crypt:3)
  2 tarantellas (shapeshifter)
  Sigmund (D:6)
  5 centaur simulacra
  2 fire dragon skeletons
  A hog (Lair:4)
  4 vampires (WizLab)
  54 redbacks
  49 yaks
  A spriggan (shapeshifter) (D:15)
  4 wraiths
  An ice dragon skeleton (Crypt:3)
  29 tarantellas
  11 water elementals
  Eustachio (D:6)
  3 fire elementals
  5 wyverns
  6 basilisks
  16 humans (D:14)
  2 basilisks (shapeshifter)
  2 death yak simulacra (IceCv)
  A steam dragon (D:8)
  3 hungry ghosts
  A swamp worm (shapeshifter) (Depths:4)
  7 harpy simulacra
  8 wargs
  3 two-headed ogre zombies (WizLab)
  An infernal demonspawn zombie (Crypt:1)
  4 hydra simulacra (IceCv)
  3 acid dragons
  A deep troll zombie (Vaults:2)
  13 soldier ants (Spider:3)
  13 water moccasins
  A floating eye (shapeshifter) (D:15)
  7 hell hounds (Crypt:1)
  11 porcupines
  Duvessa (D:7)
  A spiny frog skeleton (Crypt:3)
  2 black bears (D:7)
  4 sky beasts
  3 eyes of draining
  An ice dragon simulacrum (Crypt:1)
  2 orc zombies
  4 ice beasts
  52 orc warriors
  A hornet zombie (Crypt:2)
  15 boggarts
  46 ogres
  A black bear (shapeshifter) (D:13)
  2 large abominations (Abyss:3)
  An ettin simulacrum (IceCv)
  5 wolves (Crypt:1)
  A phantom (D:8)
  2 swamp dragon skeletons
  A centaur (shapeshifter) (Vaults:3)
  2 snapping turtle skeletons (Crypt:3)
  20 centaurs
  19 crocodiles
  A lindwurm skeleton (Crypt:3)
  A small abomination (Abyss:3)
  An elephant skeleton (Crypt:1)
  2 human skeletons (Vaults:2)
  A manticore skeleton (Crypt:3)
  A blink frog skeleton (Crypt:3)
  3 big kobolds
  A yaktaur zombie (Vaults:1)
  A komodo dragon zombie (Crypt:3)
  8 earth elementals
  An elf zombie (Crypt:3)
  25 bullfrogs
  An elf skeleton (Crypt:2)
  Dowan (D:7)
  A wyvern zombie (D:12)
  A scorpion (D:13)
  An orc simulacrum (Vaults:1)
  An elephant simulacrum (IceCv)
  5 troll zombies (WizLab)
  9 killer bees
  A spectral wolf (Crypt:1)
  33 wights
  A human simulacrum (Vaults:2)
  4 electric eels (D:11)
  7 howler monkeys
  12 crimson imps
  3 bullfrog zombies
  3 centaur zombies
  A demonspawn zombie (Crypt:1)
  27 orc priests
  9 hounds
  An iguana (D:13)
  3 jellies
  2 bullfrog skeletons
  Jessica (D:3)
  25 worker ants
  29 orc wizards
  2 troll simulacra (IceCv)
  2 hell rats (Lair:3)
  A polar bear simulacrum (IceCv)
  2 spriggan simulacra (IceCv)
  2 ogre zombies (WizLab)
  A sky beast zombie (Crypt:3)
  A tengu skeleton (Crypt:2)
  A naga skeleton (Crypt:3)
  A hound skeleton (D:8)
  A worker ant zombie (D:11)
  Robin (D:2)
  A howler monkey skeleton (D:7)
  2 naga simulacra (IceCv)
  8 river rats (Lair:3)
  11 adders
  A gnoll (D:1)
  3 ogre simulacra
  10 shadow imps
  7 white imps
  5 ufetubi (IceCv)
  2 oozes
  A halfling zombie (Crypt:1)
  3 adder skeletons
  An adder zombie (D:7)
  A lava snake skeleton (Crypt:1)
  A worm (D:3)
  2 dart slugs
  5 leopard geckos
  124 orcs
  4 giant cockroaches
  9 hobgoblins
  16 jackals
  20 kobolds
  3 quokkas
  2 ball pythons
  A ball python skeleton (Crypt:1)
  A ball python zombie (Crypt:2)
  10 bats
  6 frilled lizards
  15 goblins
  A hobgoblin zombie (Crypt:3)
  A jackal skeleton (D:4)
  An orc skeleton (Crypt:2)
  A quokka skeleton (D:6)
  2 quokka zombies
  14 rats
  6 plants
  4 tentacles
2490 creatures vanquished.

Vanquished Creatures (collateral kills)
  A faun (Shoals:3)
1 creature vanquished.

Vanquished Creatures (others)
  A ghost moth (Spider:4)
  A very ugly thing (Depths:3)
  5 stone giants
  2 yaktaur captains
  A deep elf archer (Elf:2)
  A wolf spider (Spider:1)
  A cyclops (Vaults:2)
  A salamander (Depths:1)
  18 yaktaurs
  A jumping spider (Spider:4)
  A merfolk (Shoals:4)
  A fire giant simulacrum (Vaults:1)
  A redback (Spider:1)
  An orc warrior (Vaults:2)
  An ogre (Vaults:5)
  A boggart (Elf:1)
  3 orcs
  18 fungi
  25 plants
  2 starspawn tentacles (Abyss:3)
  29 tentacles
115 creatures vanquished.

Grand Total: 2606 creatures vanquished

Notes
Turn   | Place    | Note
-------+----------+-------------------------------------------
     0 | D:1      | Peloso the Demonspawn Fighter began the quest for the Orb.
     0 | D:1      | Reached XP level 1. HP: 18/18 MP: 1/1
    90 | D:1      | Gained mutation: You have a pair of small horns on your
                  | head. [demonic ancestry]
    90 | D:1      | Reached XP level 2. HP: 19/24 MP: 2/2
   101 | D:1      | Reached skill level 3 in Shields
   294 | D:1      | Gained mutation: When hurt, damage is shared between your
                  | health and your magic reserves. [demonic ancestry]
   294 | D:1      | Reached XP level 3. HP: 28/29 MP: 3/3
   943 | D:2      | Noticed Robin
  1229 | D:1      | Gained mutation: You have sharp fingernails. [demonic
                  | ancestry]
  1229 | D:1      | Reached XP level 4. HP: 19/35 MP: 1/4
  1390 | D:2      | Killed Robin
  1390 | D:2      | Reached skill level 1 in Dodging
  1404 | D:2      | Found a hazy altar of Hepliaklqana.
  2010 | D:3      | Reached XP level 5. HP: 32/41 MP: 5/5
  2291 | D:3      | Noticed Jessica
  2299 | D:3      | Killed Jessica
  2521 | D:3      | Gained mutation: You sometimes gain a little power by
                  | taking damage. [demonic ancestry]
  2521 | D:3      | Reached XP level 6. HP: 41/47 MP: 6/6
  2687 | D:3      | Reached skill level 4 in Shields
  2903 | D:4      | Found a runed translucent gate.
  2904 | D:4      | Found a runed translucent gate.
  2906 | D:4      | Found a runed translucent gate.
  2907 | D:4      | Noticed qnok's ghost (novice OpFi)
  3122 | D:4      | Found a staircase to the Ecumenical Temple.
  3137 | Temple   | Entered the Ecumenical Temple
  3250 | Temple   | Became a worshipper of Warmaster Okawaru
  3403 | D:4      | Found Ixoulij's Distillery.
  3411 | D:4      | Bought a potion of curing for 33 gold pieces
  3411 | D:4      | Bought a potion of heal wounds for 55 gold pieces
  3411 | D:4      | Bought a potion of brilliance for 44 gold pieces
  3411 | D:4      | Bought a potion of agility for 44 gold pieces
  3457 | D:5      | Entered Level 5 of the Dungeon
  3472 | D:5      | Gained mutation: You have sharp toenails. [demonic
                  | ancestry]
  3472 | D:5      | Reached XP level 7. HP: 42/54 MP: 4/7
  3871 | D:5      | Found a hazy altar of Hepliaklqana.
  4253 | D:6      | Noticed Eustachio
  4296 | D:6      | Killed Eustachio
  4296 | D:6      | Reached * piety under Okawaru
  4296 | D:6      | Reached skill level 5 in Long Blades
  4559 | D:6      | Reached skill level 1 in Stealth
  4559 | D:6      | Gained mutation: You have a pair of horns on your head.
                  | [demonic ancestry]
  4559 | D:6      | Reached XP level 8. HP: 41/60 MP: 6/8
  4620 | D:6      | Reached skill level 5 in Shields
  4830 | D:6      | Reached ** piety under Okawaru
  5076 | D:6      | Noticed Sigmund
  5088 | D:6      | Killed Sigmund
  5189 | D:7      | Reached skill level 5 in Armour
  5229 | D:7      | Noticed Duvessa
  5230 | D:7      | Noticed Dowan
  5248 | D:7      | Killed Duvessa
  5259 | D:7      | Killed Dowan
  5259 | D:7      | Gained mutation: You have very sharp fingernails. [demonic
                  | ancestry]
  5259 | D:7      | Reached XP level 9. HP: 43/67 MP: 5/9
  5453 | D:7      | Reached skill level 6 in Shields
  5543 | D:7      | Reached skill level 5 in Fighting
  5671 | D:7      | Found a white marble altar of Elyvilon.
  5858 | D:7      | Got a smoking turquoise ring
  5859 | D:7      | Identified the ring "Mecaro" {rElec Int+4} (You found it on
                  | level 7 of the Dungeon)
  5921 | D:7      | Reached *** piety under Okawaru
  6300 | D:8      | Reached skill level 7 in Shields
  6300 | D:8      | Reached skill level 1 in Invocations
  6645 | D:8      | Reached **** piety under Okawaru
  6645 | D:8      | Reached XP level 10. HP: 45/76 MP: 11/11
  6870 | D:8      | Reached skill level 8 in Shields
  7023 | D:8      | Found a staircase to the Lair.
  7861 | D:10     | Entered Level 10 of the Dungeon
  8775 | D:10     | You fall into a shaft and drop 2 floors!
  8980 | D:12     | Reached ***** piety under Okawaru
  9185 | D:11     | Found Xup Hec's Gadget Shop.
  9305 | D:11     | Reached XP level 11. HP: 34/82 MP: 9/12
  9317 | D:11     | Noticed a two-headed ogre
  9339 | D:11     | Killed a two-headed ogre
  9353 | D:11     | Found Inothr Amuh's Jewellery Emporium.
  9380 | D:11     | Reached skill level 9 in Shields
  9382 | D:11     | Found a gate leading to a gauntlet.
  9391 | Gauntlet | Entered a Gauntlet
  9391 | Gauntlet | Found a transporter.
  9391 | Gauntlet | Found a transporter.
  9401 | Gauntlet | Found a transporter.
  9404 | Gauntlet | Found a transporter.
  9412 | Gauntlet | Found a transporter.
  9415 | Gauntlet | Found a transporter.
  9423 | Gauntlet | Found a transporter.
  9438 | Gauntlet | Noticed a purple ugly thing
  9440 | Gauntlet | Noticed a great orb of eyes
  9440 | Gauntlet | Noticed a cyan ugly thing
  9441 | Gauntlet | Found a transporter.
  9459 | Gauntlet | Found a transporter.
  9462 | Gauntlet | Found a transporter.
  9477 | Gauntlet | Found a transporter.
  9480 | Gauntlet | Found a transporter.
  9481 | Gauntlet | Noticed a queen ant
  9528 | Gauntlet | Noticed a sea snake
  9717 | Gauntlet | Reached skill level 10 in Long Blades
 10019 | Gauntlet | Got a scintillating glass ring
 10021 | Gauntlet | Identified the ring "Ajirgh" {rF+ Int+2} (You found it in a
                  | Gauntlet)
 10074 | Gauntlet | Identified the cursed +1 hand crossbow of Moderation
                  | {velocity, Dex+3}
 10074 | Gauntlet | Noticed a minotaur
 10095 | Gauntlet | Killed a minotaur
 10545 | D:11     | Found a staircase to the Orcish Mines.
 11375 | D:11     | Noticed Harold
 11393 | D:11     | Killed Harold
 11393 | D:11     | Reached skill level 1 in Evocations
 11645 | D:11     | Noticed a death knight
 11645 | D:11     | Noticed a phantasmal warrior
 11668 | D:11     | Killed a death knight
 11684 | D:11     | HP: 4/84 [phantasmal warrior[a death knight] (4)]
 11693 | D:11     | Killed a phantasmal warrior
 12402 | Lair:1   | Entered Level 1 of the Lair of Beasts
 12407 | Lair:1   | Noticed Nergalle
 12434 | Lair:1   | Killed Nergalle
 12434 | Lair:1   | Gained mutation: You have a pair of large horns on your
                  | head. [demonic ancestry]
 12434 | Lair:1   | Reached XP level 12. HP: 84/91 MP: 12/14
 12549 | Lair:1   | Reached skill level 10 in Shields
 12964 | Lair:1   | Received a gift from Okawaru
 14047 | Lair:2   | Noticed a six-headed hydra
 14062 | Lair:2   | Killed a six-headed hydra
 14153 | Lair:2   | Reached skill level 1 in Short Blades
 14372 | Lair:2   | Reached ****** piety under Okawaru
 14424 | Lair:2   | Noticed Erica
 14447 | Lair:2   | Killed Erica
 15302 | D:12     | Received a gift from Okawaru
 15691 | D:12     | Got a faintly humming chain mail {god gift}
 15705 | D:12     | Identified the +5 chain mail of Analysis {Stlth+} (Okawaru
                  | gifted it to you on level 12 of the Dungeon)
 15710 | D:12     | Found a shadowy altar of Dithmenos.
 15838 | D:12     | Found Jeulyos's Antique Weapon Shop.
 16089 | D:12     | Gained mutation: You sometimes gain power by taking damage.
                  | [demonic ancestry]
 16089 | D:12     | Reached XP level 13. HP: 79/99 MP: 14/16
 16250 | Orc:1    | Entered Level 1 of the Orcish Mines
 16377 | Orc:1    | Reached skill level 11 in Shields
 16478 | Orc:2    | Entered Level 2 of the Orcish Mines
 16520 | Orc:2    | Found a roughly hewn altar of Beogh.
 16720 | Orc:2    | Found a roughly hewn altar of Beogh.
 16724 | Orc:2    | Found Askenin's General Store.
 16736 | Orc:2    | HP: 3/101 [orc warrior/+2 hand axe of distortion (14)]
 16751 | Orc:2    | Bought a potion of heal wounds for 70 gold pieces
 16751 | Orc:2    | Bought a scroll of identify for 28 gold pieces
 17287 | Orc:2    | Noticed an orc warlord
 17320 | Orc:2    | Killed an orc warlord
 17410 | Orc:2    | Received a gift from Okawaru
 17602 | Orc:2    | Found a staircase to the Elven Halls.
 17830 | Orc:2    | Found Remmuwar's Antique Weapon Boutique.
 17830 | Orc:2    | Found a roughly hewn altar of Beogh.
 17833 | Orc:2    | Found Ilaerrunao's Antique Armour Shop.
 17916 | Orc:2    | Found a roughly hewn altar of Beogh.
 17924 | Orc:2    | Found a large runed translucent door.
 17924 | Orc:2    | Found a large runed translucent door.
 17926 | Orc:2    | Noticed engine7v's ghost (journeyman DsBe)
 17990 | Orc:2    | Found a roughly hewn altar of Beogh.
 17991 | Orc:2    | Found Garo's Magic Scroll Emporium.
 18048 | Orc:2    | Bought a scroll of blinking for 112 gold pieces
 18048 | Orc:2    | Bought a scroll of magic mapping for 52 gold pieces
 18126 | Orc:2    | Found a roughly hewn altar of Beogh.
 18197 | Orc:2    | Found a roughly hewn altar of Beogh.
 19998 | D:14     | Received a gift from Okawaru
 20269 | D:14     | Gained mutation: You regenerate magic rapidly. [demonic
                  | ancestry]
 20269 | D:14     | Reached XP level 14. HP: 97/109 MP: 14/17
 20287 | D:14     | Reached skill level 10 in Fighting
 20405 | D:14     | Identified the cursed ring "Wiawinuch" {rF+ Str-2}
 20413 | D:14     | Reached skill level 10 in Armour
 21109 | D:14     | Noticed Rupert
 21112 | D:14     | Noticed Nessos
 21114 | D:14     | Reached skill level 12 in Shields
 21117 | D:14     | Found a gate to the Vaults.
 21141 | D:14     | Killed Rupert
 21204 | D:14     | Received a gift from Okawaru
 21213 | D:14     | Killed Nessos
 21852 | D:14     | Reached skill level 5 in Invocations
 21991 | D:15     | Entered Level 15 of the Dungeon
 22115 | D:15     | Received a gift from Okawaru
 22181 | D:15     | Found the +3 giant club "Skullcrusher" {speed, Str+7}
 22292 | D:15     | Reached XP level 15. HP: 39/118 MP: 10/18
 22839 | D:15     | Reached skill level 13 in Shields
 22988 | D:15     | Noticed Louise
 22994 | D:15     | Cast into level 3 of the Abyss (Louise)
 23037 | D:15     | Escaped the Abyss
 23061 | D:15     | Killed Louise
 23207 | D:15     | Paralysed by a floating eye for 2 turns
 23213 | D:15     | Paralysed by a floating eye for 4 turns
 23265 | D:15     | Found a staircase to the Depths.
 23961 | Lair:3   | Noticed Urug
 23980 | Lair:3   | Killed Urug
 24001 | Lair:3   | Found a hole to the Spider Nest.
 24137 | Lair:3   | Noticed Snorg
 24143 | Lair:3   | Killed Snorg
 24660 | Lair:3   | Received a gift from Okawaru
 24661 | Lair:3   | Found the +8 orange crystal plate armour {Archmagi, Int+3
                  | Clar}
 24979 | Lair:4   | Found a staircase to the Shoals.
 25513 | Lair:4   | Noticed Kirke
 25528 | Lair:4   | Killed Kirke
 26187 | Lair:5   | Found a viscous altar of Jiyva.
 26188 | Lair:5   | Found a staircase to the Slime Pits.
 26558 | Lair:6   | Entered Level 6 of the Lair of Beasts
 27810 | Lair:6   | Reached skill level 14 in Shields
 28691 | Lair:6   | Got a warped cloak
 28697 | Lair:6   | Identified the +0 cloak of the Onion {+Inv rF- rCorr Dex-5}
                  | (You found it on level 6 of the Lair of Beasts)
 28709 | Lair:6   | Got a brightly glowing hand axe
 28715 | Lair:6   | Identified the +9 hand axe of Untimely Demise {drain,
                  | *Corrode rC+ rN+ Dex+3} (You found it on level 6 of the
                  | Lair of Beasts)
 29221 | Shoals:1 | Entered Level 1 of the Shoals
 29243 | Shoals:1 | Received a gift from Okawaru
 29542 | Shoals:1 | Gained mutation: You have razor-sharp toenails. [demonic
                  | ancestry]
 29542 | Shoals:1 | Reached XP level 16. HP: 97/127 MP: 18/20
 30091 | Shoals:1 | Noticed Nikola
 30104 | Shoals:1 | Killed Nikola
 30396 | Shoals:2 | Received a gift from Okawaru
 31039 | Shoals:2 | Noticed a kraken
 31270 | Shoals:2 | Noticed Roxanne
 31597 | Shoals:2 | Killed Roxanne
 31941 | Lair:1   | Gained mutation: You have claws for feet. [potion of
                  | mutation]
 31941 | Lair:1   | Gained mutation: Your magical capacity is low. (-10% MP)
                  | [potion of mutation]
 31941 | Lair:1   | Gained mutation: Your flesh is heat resistant. (rF+)
                  | [potion of mutation]
 31942 | Lair:1   | Lost mutation: Your magical capacity is low. (-10% MP)
                  | [potion of mutation]
 31942 | Lair:1   | Lost mutation: Your flesh is heat resistant. (rF+) [potion
                  | of mutation]
 31942 | Lair:1   | Gained mutation: Your system is resistant to poisons.
                  | (rPois) [potion of mutation]
 31942 | Lair:1   | Gained mutation: Your body sometimes deteriorates upon
                  | taking damage. [potion of mutation]
 31942 | Lair:1   | Gained mutation: You passively map a small area around you.
                  | [potion of mutation]
 31943 | Lair:1   | Lost mutation: Your body sometimes deteriorates upon taking
                  | damage. [potion of mutation]
 31943 | Lair:1   | Lost mutation: You passively map a small area around you.
                  | [potion of mutation]
 31943 | Lair:1   | Gained mutation: You are resistant to hostile enchantments.
                  | (MR+) [potion of mutation]
 31943 | Lair:1   | Gained mutation: You evolve. [potion of mutation]
 32088 | Spider:1 | Entered Level 1 of the Spider Nest
 32207 | Spider:1 | Reached skill level 15 in Shields
 32248 | Spider:1 | Found a frozen archway.
 32254 | IceCv    | Entered an ice cave
 32380 | IceCv    | Gained mutation: You expend magic power (3 MP) to
                  | strengthen your wands. [evolution]
 32779 | IceCv    | Reached skill level 15 in Long Blades
 33245 | IceCv    | Identified the Papyrus of Stones and Heat
 33681 | Spider:1 | Received a gift from Okawaru
 33826 | Spider:1 | Got a smoking scale mail
 33827 | Spider:1 | Identified the +2 scale mail of Vyahyfi {MR+ rCorr Stlth+}
                  | (You found it on level 1 of the Spider Nest)
 34142 | Spider:2 | Noticed Agnes
 34154 | Spider:1 | Killed Agnes
 34767 | Spider:2 | Reached XP level 17. HP: 130/135 MP: 21/21
 35130 | Spider:2 | Reached skill level 16 in Shields
 35952 | Elf:1    | Entered Level 1 of the Elven Halls
 36034 | Elf:1    | Received a gift from Okawaru
 36599 | Elf:1    | Found Qeuhirgh's Distillery.
 36608 | Elf:1    | Bought a potion of heal wounds for 60 gold pieces
 36961 | Elf:2    | Found a runed translucent gate.
 36961 | Elf:2    | Found a runed translucent gate.
 36962 | Elf:2    | Found a runed translucent gate.
 37556 | Elf:3    | Entered Level 3 of the Elven Halls
 37688 | Elf:3    | Received a gift from Okawaru
 38119 | Elf:3    | Gained mutation: You are frail. (-10% HP) [evolution]
 38227 | Elf:3    | Found a large runed translucent door.
 38227 | Elf:3    | Found a large runed translucent door.
 38228 | Elf:3    | Noticed releu's ghost (adept MiFi)
 39007 | Elf:3    | Noticed a deep elf blademaster
 39008 | Elf:3    | Noticed a deep elf master archer
 39008 | Elf:3    | Noticed a deep elf blademaster
 39033 | Elf:2    | Killed a deep elf blademaster
 39137 | Elf:2    | Killed a deep elf blademaster
 39376 | Elf:2    | Killed a deep elf master archer
 39376 | Elf:2    | Reached skill level 17 in Shields
 39701 | Elf:2    | Received a gift from Okawaru
 39701 | Elf:2    | Reached XP level 18. HP: 66/129 MP: 11/22
 40220 | Elf:3    | Identified the ring of Miufops {rN+ MR+ Dex+4}
 40234 | Elf:3    | Noticed a Brimstone Fiend
 40649 | Elf:3    | Cast into level 3 of the Abyss (a deep elf sorcerer)
 40652 | Abyss:3  | Found a corrupted altar of Lugonu.
 40654 | Abyss:3  | Found a corrupted altar of Lugonu.
 40671 | Abyss:3  | Noticed a profane servitor
 40796 | Elf:3    | Escaped the Abyss
 41759 | Elf:3    | Identified the ring "Rarohant" {rC+ EV+3}
 42418 | Elf:3    | Identified the cursed +1 hand axe "Ocatzu" {flame, Stlth+}
 42418 | Elf:3    | Identified the ring "Gaikad" {rF+ rN+ Stlth+}
 42426 | Elf:3    | Received a gift from Okawaru
 42454 | Elf:3    | Identified Fesokh's Almanac of Bewitching Snow
 42479 | Elf:3    | Got a twisted plate armour
 42599 | Elf:3    | Identified the +7 plate armour "Ilanent" {rPois} (You found
                  | it on level 3 of the Elven Halls)
 42766 | Elf:3    | Found a shimmering blue altar of Sif Muna.
 43554 | Lair:1   | Identified a scroll of acquirement
 43565 | Lair:1   | Got a translucent steel ring
 43567 | Lair:1   | Identified the ring of Yxuleshreugi {*Drain rN+++ MR+ Str+9
                  | Int-5} (You acquired it on level 1 of the Lair of Beasts)
 44497 | Shoals:3 | Noticed Ilsuiw
 44518 | Shoals:3 | Killed Ilsuiw
 44522 | Shoals:3 | Noticed Polyphemus
 45324 | Shoals:3 | Killed Polyphemus
 45354 | Shoals:3 | Gained mutation: You have supernaturally acute eyesight.
                  | (SInv) [evolution]
 45860 | Shoals:4 | Entered Level 4 of the Shoals
 45953 | Shoals:4 | Reached skill level 18 in Shields
 46099 | Shoals:4 | Received a gift from Okawaru
 46102 | Shoals:4 | Got a bloodstained short sword {god gift}
 46104 | Shoals:4 | Identified the +1 short sword of the Mouth {flame, rElec
                  | MR+ Int+4} (Okawaru gifted it to you on level 4 of the
                  | Shoals)
 46263 | Shoals:4 | Got a barnacled rune of Zot
 46935 | Shoals:4 | Lost mutation: You are frail. (-10% HP) [demonic ancestry]
 46935 | Shoals:4 | Gained mutation: You are robust. (+10% HP) [demonic
                  | ancestry]
 46935 | Shoals:4 | Reached XP level 19. HP: 131/167 MP: 23/23
 47075 | Shoals:4 | Got a pitted granite ring
 47076 | Shoals:4 | Identified the ring "Erepatwa" {rF+ rC++ Int+4} (You found
                  | it on level 4 of the Shoals)
 47257 | Shoals:4 | Got a pair of steaming boots
 47260 | Shoals:4 | Identified the -6 pair of boots of Midwinter {rElec rF+++
                  | rC- Dex-4} (You found it on level 4 of the Shoals)
 47275 | Shoals:4 | Received a gift from Okawaru
 49237 | Spider:4 | Entered Level 4 of the Spider Nest
 49584 | Spider:4 | Reached skill level 19 in Shields
 50286 | Spider:4 | Received a gift from Okawaru
 50495 | Spider:4 | Gained mutation: You are highly resistant to hostile
                  | enchantments. (MR++) [evolution]
 51192 | Spider:4 | Got a gossamer rune of Zot
 51811 | Vaults:1 | Entered Level 1 of the Vaults
 51910 | Vaults:1 | Received a gift from Okawaru
 51913 | Vaults:1 | Got a warped cloak {god gift}
 51924 | Vaults:1 | Identified the -4 cloak "Maidghow" {Regen+ Str+4 Dex+2}
                  | (Okawaru gifted it to you on level 1 of the Vaults)
 52364 | Vaults:1 | Reached skill level 15 in Fighting
 52427 | Vaults:1 | Gained mutation: You have claws for hands. [demonic
                  | ancestry]
 52427 | Vaults:1 | Reached XP level 20. HP: 172/178 MP: 24/24
 53489 | Vaults:2 | Noticed Sojobo
 53522 | Vaults:2 | Killed Sojobo
 53522 | Vaults:2 | Reached skill level 20 in Shields
 53654 | Vaults:2 | Received a gift from Okawaru
 53821 | Vaults:2 | Found Ugoigooh's Antique Weapon Boutique.
 54387 | Vaults:2 | Noticed Jory
 54405 | Vaults:2 | Killed Jory
 55189 | Vaults:3 | Found a portal to a secret trove of treasure.
 55537 | Vaults:3 | Received a gift from Okawaru
 55550 | Vaults:3 | Gained mutation: When low on magic, you restore magic in
                  | place of health. [demonic ancestry]
 55550 | Vaults:3 | Reached XP level 21. HP: 181/187 MP: 23/25
 55726 | Vaults:3 | Found a staircase to the Crypt.
 55726 | Vaults:3 | Found an ancient bone altar of Kikubaaqudgha.
 55728 | Vaults:3 | Found a basalt altar of Yredelemnul.
 55963 | Vaults:4 | Found Vetub's Armour Shoppe.
 55983 | Vaults:4 | Found a white marble altar of Elyvilon.
 55994 | Vaults:4 | Found Kiurhipp's Antique Armour Emporium.
 55995 | Vaults:4 | Found Ranuleix's Book Shoppe.
 56077 | Vaults:4 | Reached skill level 21 in Shields
 56284 | Vaults:4 | Received a gift from Okawaru
 57014 | Vaults:4 | Found Coymies's Distillery.
 57022 | Vaults:4 | Bought a potion of curing for 42 gold pieces
 57022 | Vaults:4 | Bought a potion of haste for 140 gold pieces
 57221 | Vaults:4 | Found Agaops's Food Boutique.
 57319 | Vaults:5 | Entered Level 5 of the Vaults
 57629 | Vaults:4 | Reached skill level 15 in Armour
 57723 | Vaults:4 | Received a gift from Okawaru
 58190 | Vaults:5 | Identified the ring of Secrets {*Tele Int+2}
 58256 | Vaults:5 | Identified the +8 hunting sling "Ateorurph" {flame, rF++
                  | rC+ Str-2 Int+4}
 58271 | Vaults:5 | Mutation became permanent: You have razor-sharp toenails.
                  | [demonic ancestry]
 58271 | Vaults:5 | Gained mutation: You have claws for feet. [demonic
                  | ancestry]
 58271 | Vaults:5 | Reached XP level 22. HP: 132/198 MP: 21/26
 58906 | Vaults:5 | Reached skill level 22 in Shields
 58963 | Vaults:5 | Received a gift from Okawaru
 59138 | Vaults:5 | Got an ancient falchion {god gift}
 59179 | Vaults:5 | Identified the +1 falchion of Evil {slice, rF+ rN+}
                  | (Okawaru gifted it to you on level 5 of the Vaults)
 60246 | Vaults:5 | Received a gift from Okawaru
 61398 | Vaults:3 | You paid a toll of +2 storm dragon scales to enter a
                  | treasure trove
 61399 | Trove    | Entered a treasure trove
 61692 | Vaults:5 | Gained mutation: You are resistant to electric shocks.
                  | (rElec) [evolution]
 61869 | Vaults:5 | Found Alipan's Magic Scroll Shop.
 61873 | Vaults:5 | Bought 2 scrolls of magic mapping for 161 gold pieces
 61873 | Vaults:5 | Bought a scroll of teleportation for 69 gold pieces
 61999 | Vaults:5 | Got a silver rune of Zot
 62013 | Vaults:5 | Found Fomuenyme's Distillery.
 62017 | Vaults:5 | Bought a potion of mutation for 160 gold pieces
 62017 | Vaults:5 | Bought a potion of might for 80 gold pieces
 62031 | Vaults:5 | Found Isahom's Magic Scroll Shoppe.
 62036 | Vaults:5 | Bought a scroll of magic mapping for 66 gold pieces
 62062 | Vaults:5 | Noticed an ancient lich
 62085 | Vaults:5 | Killed an ancient lich
 62497 | Vaults:5 | Noticed a golden dragon
 62522 | Vaults:5 | Received a gift from Okawaru
 62533 | Vaults:5 | Killed a golden dragon
 62894 | Vaults:5 | Identified the ring "Eguedghu" {Str+7 Int+4 Slay-2 Stlth-}
 62897 | Vaults:5 | Gained mutation: You are very robust. (+20% HP) [demonic
                  | ancestry]
 62897 | Vaults:5 | Reached XP level 23. HP: 200/225 MP: 27/27
 62921 | Vaults:5 | Got a scintillating sapphire amulet
 62924 | Vaults:5 | Got a glittering ruby amulet
 62925 | Vaults:5 | Identified the amulet "Oniadaf" {Inacc rC+ Stlth+} (You
                  | found it on level 5 of the Vaults)
 62928 | Vaults:5 | Identified the amulet of Perfectionism {Inacc +Fly MR+
                  | Str+6 Dex+2} (You found it on level 5 of the Vaults)
 62933 | Vaults:5 | Identified the Disquisition on Ignition and the Birds
 62957 | Vaults:5 | Identified the Catalogue of the Harmful Voyage
 63111 | Crypt:1  | Entered Level 1 of the Crypt
 63250 | Crypt:1  | Found a magical portal.
 63300 | Crypt:1  | Reached skill level 23 in Shields
 63540 | WizLab   | Noticed an antique lich
 63542 | WizLab   | Found the +9 sword of Zonguldrok {reap}
 63563 | WizLab   | Killed an antique lich
 63824 | Crypt:1  | Found a basalt altar of Yredelemnul.
 63908 | Crypt:1  | Received a gift from Okawaru
 63912 | Crypt:1  | Got an ichor-stained spear {god gift}
 63913 | Crypt:1  | Identified the +1 spear of Eniem {freeze, Int+4 SInv}
                  | (Okawaru gifted it to you on level 1 of the Crypt)
 64188 | Crypt:1  | Found the +10 large shield of Ignorance {rN+ Int-4}
 66102 | Crypt:3  | Entered Level 3 of the Crypt
 66134 | Crypt:3  | Noticed Margery
 66148 | Crypt:3  | Killed Margery
 66291 | Crypt:3  | Received a gift from Okawaru
 66754 | Crypt:3  | Noticed a curse toe
 66769 | Crypt:3  | Killed a curse toe
 66808 | Crypt:3  | Got a smoking demon blade
 66809 | Crypt:3  | Identified the +5 demon blade "Geavuast" {flame, *Noise
                  | *Slow rF++ rN+} (You acquired it on level 3 of the Crypt)
 67311 | Crypt:3  | Found the +7 great mace "Undeadhunter" {disrupt, rN+}
 67488 | Crypt:3  | Found a staircase to the Tomb.
 67621 | Crypt:3  | Reached XP level 24. HP: 220/237 MP: 27/27
 67671 | Crypt:3  | Noticed an ancient lich
 67682 | Crypt:3  | Killed an ancient lich
 67686 | Crypt:3  | Identified the Compendium of Evil Flames
 69006 | Depths:1 | Entered Level 1 of the Depths
 69089 | Depths:1 | Reached skill level 24 in Shields
 69377 | Depths:1 | Received a gift from Okawaru
 69417 | Depths:1 | Found a gateway to a ziggurat.
 69444 | Depths:1 | Found Gytru's Mayhem Merchandise.
 70551 | Depths:1 | Lost mutation: You evolve. [end of evolution]
 70594 | Depths:1 | Found a gateway to Hell.
 71045 | Depths:2 | Received a gift from Okawaru
 72557 | Depths:2 | Found a one-way gate to the infinite horrors of the Abyss.
 72597 | Depths:2 | Reached skill level 25 in Shields
 72747 | Depths:3 | Reached XP level 25. HP: 220/248 MP: 26/27
 73256 | Depths:3 | Received a gift from Okawaru
 73304 | Depths:3 | Got a warped scimitar
 73311 | Depths:3 | Identified the +4 scimitar "Spiderbane" {freeze, Fragile
                  | rF+ MR+ Dex+8} (You found it on level 3 of the Depths)
 73322 | Depths:3 | Got a shimmering scale mail {god gift}
 73323 | Depths:3 | Identified the +5 scale mail "Fouli" {rElec rC+ Regen+
                  | Int+2} (Okawaru gifted it to you on level 3 of the Depths)
 73630 | Depths:3 | Noticed Mennas
 73650 | Depths:3 | Killed Mennas
 73801 | Depths:3 | Found a one-way gate leading to the halls of Pandemonium.
 74211 | Depths:4 | Noticed a juggernaut
 74225 | Depths:4 | Killed a juggernaut
 74304 | Depths:4 | Found a runed translucent door.
 74333 | Depths:4 | Noticed Gyepyurr's ghost (veteran BaIE)
 74606 | Depths:4 | Noticed Saint Roka
 74625 | Depths:4 | Killed Saint Roka
 74711 | Depths:4 | Noticed Boris
 74720 | Depths:4 | Killed Boris
 75073 | Depths:4 | Killed Gyepyurr's ghost
 75179 | Depths:4 | Got a steaming cloak
 75180 | Depths:4 | Identified the cursed +0 cloak of Orened {rElec Int+4} (You
                  | found it on level 4 of the Depths)
 75273 | Depths:5 | Entered Level 5 of the Depths
 75283 | Depths:5 | Received a gift from Okawaru
 75991 | Depths:5 | Reached skill level 26 in Shields
 76396 | Depths:5 | Gained mutation: You are powered by pain. [demonic
                  | ancestry]
 76396 | Depths:5 | Reached XP level 26. HP: 238/260 MP: 27/27
 77217 | Depths:5 | Found a runed translucent door.
 77217 | Depths:5 | Found a runed translucent door.
 77271 | Depths:5 | Found a runed translucent door.
 77294 | Depths:5 | Found a runed translucent door.
 77328 | Depths:5 | Found a runed translucent door.
 77331 | Depths:5 | Found a runed translucent door.
 77683 | Depths:5 | Found a gate to the Realm of Zot.
 79589 | Zot:1    | Entered Level 1 of the Realm of Zot
 79622 | Zot:1    | Received a gift from Okawaru
 80114 | Zig:1    | Entered Level 1 of a ziggurat
 80166 | Zig:2    | Entered Level 2 of a ziggurat
 80216 | Zig:3    | Entered Level 3 of a ziggurat
 80362 | Zig:4    | Entered Level 4 of a ziggurat
 80365 | Zig:4    | Noticed Gyepp the pandemonium lord
 80405 | Zig:4    | HP: 19/391 [large abomination[Gyepp] (18)]
 80410 | Zig:4    | HP: 13/391 [Gyepp the pandemonium lord/living lightning
                  | (7)]
 80412 | Zig:4    | HP: 3/261 [Gyepp the pandemonium lord/bolt of lightning
                  | (6)]
 80412 | Zig:4    | Killed from afar by Gyepp the pandemonium lord

Levels and vault maps discovered:
D:1:      minmay_arrival_hallway, layout_loops_cross, serial_co_window_serial,
          co_window_corner_a, co_window_paths_a, co_window_of_opportunity_a,
          co_window_paths_a, co_window_of_opportunity_a, co_window_corner_cb,
          co_window_unsneaky_path_e, co_window_2corner, co_window_paths_c,
          co_window_broadway_a, co_window_paths_c
D:2:      layout_rooms, lemuel_crystal_altar, first_ration, uniq_robin
D:3:      layout_basic, uniq_jessica
D:4:      layout_rooms, minmay_temple_entry_tees, gammafunk_ghost_necromancy,
          serial_corexii_hall, corexii_hall_statues_x,
          chequers_hall_statues_corner_a, serial_shops, shop
D:5:      layout_loops_cross, basic_altar, hangedman_abyss_or_decor_stabs,
          hangedman_decor_clover_reticule, grunt_decor_one_mirror, hex_tiny
D:6:      layout_loops_corners, uniq_sigmund, uniq_eustachio
D:7:      layout_loops_cross, elyvilon_altar_4, uniq_duvessa
D:8:      layout_rooms, erik_lair_dragon
D:9:      layout_basic
D:10:     layout_basic, grunt_pizzeria
D:11:     layout_basic, erik_orc_2, serial_shops, nicolae_shop_window_shopping,
          shop, gauntlet_entry_generic, serial_bayou_lagoon_a, uniq_harold
D:12:     layout_roguey, serial_shops, shop, hangedman_abyss_or_decor_passed,
          nicolae_dithmenos_the_darkroom
D:13:     layout_stronghold
D:14:     layout_basic, david_vaults_3, minmay_misc_feat_tower
D:15:     gammafunk_enter_depths_forms, layout_rooms, nicolae_twisting_strands,
          minmay_guarded_unrand_skullcrusher, uniq_louise
Temple:   minmay_crystal_snake_temple
Lair:1:   layout_gridlike, beast_lair_carwin_8, uniq_nergalle
Lair:2:   layout_gridlike, uniq_erica
Lair:3:   layout_cave_pods, dummy_spider_entry, kennysheep_abandoned_house,
          uniq_snorg, uniq_urug
Lair:4:   layout_long_grid, minmay_shoals_entry_beasts, minmay_lair_drake_nest,
          uniq_rupert, uniq_kirke
Lair:5:   layout_roguey, slime_altar_1
Lair:6:   gammafunk_lair_ancient_temple, layout_cave_pods,
          chequers_serial_rivers_small_3
Shoals:1: layout_shoals, nicolae_shoals_dead_sea_scrolls, uniq_nikola
Shoals:2: layout_shoals, uniq_roxanne
Shoals:3: layout_shoals, nicolae_shoals_cliffside_cave, uniq_polyphemus,
          uniq_ilsuiw
Shoals:4: shoals_end_simple, layout_shoals
Spider:1: layout_spider_delve, portal_ice_cave_entry_pillars_three
Spider:2: layout_spider_delve, uniq_agnes
Spider:3: layout_spider_delve, drop_trap, zaba_antful_of_joy
Spider:4: spider_rune_water, worms_lemuel
Orc:1:    layout_diamond_mine
Orc:2:    grunt_orc_community_town_hall, layout_caves,
          grunt_orc_community_big_house_2, grunt_orc_community_big_house_1,
          grunt_orc_community_house_2, grunt_orc_community_house_3,
          grunt_orc_community_house_3, grunt_orc_community_house_3,
          ebering_ghost_disaster_area, mines2_david
Elf:1:    eino_elf_arrival_shootout, layout_loops_cross, serial_shops,
          shop_coins, hangedman_elf_disciples, nrook_mini_backslash,
          billiards_dpeg
Elf:2:    layout_geoelf_grid, minivault_24
Elf:3:    elf_hall, layout_onion_city, ebering_ghost_disaster_area, basic_altar
Vaults:1: hangedman_vaults_slice, vaults_room_large_hall,
          ontoclasm_vaults_claustrophobia, ontoclasm_vaults_bender,
          nicolae_vaults_alarming, nicolae_vaults_little_squares_3,
          nicolae_vaults_stairing_the_circle, ontoclasm_vaults_chip,
          grunt_vaults_twisty, ontoclasm_vaults_chip, nicolae_vaults_rhombus_5,
          vaults_dpeg_encased_lava, nicolae_vaults_shelves_hall,
          layout_vaults_big_room
Vaults:2: nicolae_vaults_little_ls, v_misc_27, ontoclasm_vaults_idyll,
          nicolae_vaults_network_star, vaults_mumra_chevron,
          nicolae_vaults_three_branches, nicolae_vaults_little_squares_4,
          v_rooms_1, ontoclasm_vaults_idyll, layout_vaults_omnicross,
          serial_shops, shop, uniq_sojobo, uniq_jory
Vaults:3: v_misc_28, v_misc_9, nicolae_vaults_little_squares_6,
          minmay_crypt_entry_necro_gods, v_misc_10, grunt_vaults_funnel,
          vaults_room_semicircle, hangedman_vaults_trim,
          dpeg_vaults_monster_box, layout_vaults_quadrants, enter_trove_2
Vaults:4: v_misc_28, nicolae_vaults_twisting_passages, hangedman_vaults_stream,
          vaults_mumra_minichess, vaults_room_corners, v_misc_19, v_misc_33,
          nicolae_vaults_quartermaster, vaults_room_stairs_pillars, v_misc_22,
          nicolae_vaults_little_squares_3, layout_vaults_ring, basic_altar,
          serial_shops, nicolae_shop_competitors_out_of_business, shop, shop,
          nicolae_shop_stone, nicolae_shop_trees
Vaults:5
Crypt:1:  lemuel_vampire_tower, layout_basic, mu_enter_wizlab_1
Crypt:2:  layout_misc_corridors, grunt_megastairs_2
Crypt:3:  due_elkab, layout_chaotic_city, uniq_margery
Depths:1: layout_cave_pools, enter_ziggurat_a, serial_sigils_hangedman_confine,
          hangedman_tar_grid_catacomb, wad_floor_pattern_2,
          chequers_serial_rivers_micro_c, minivault_16, minmay_shop_mayhem,
          kennysheep_just_a_vault
Depths:2: minmay_box_of_statues, layout_basic, hangedman_abyss_entry_splay,
          grunt_hell_entry_dis_old, infiniplex_staircase_zigzag_2
Depths:3: hangedman_cross_cluster, layout_basic, hangedman_decor_growths,
          rand_demon_pan_entry_3, hell_entry, uniq_mennas
Depths:4: hangedman_arrow_trap, layout_basic, pan_entry,
          muffindrake_ghost_dead_mans_drink, minmay_misc_feat_roman, hell_entry,
          abyss_entry, chequers_serial_rivers_large_a, uniq_saint_roka,
          uniq_boris
Depths:5: evilmike_zot_entry_castle, layout_long_grid, abyss_entry, special_room
          [special_room_jelly], hangedman_coc_ice_floe, nicolae_two_hexagons
Zot:1:    layout_cathedral_of_symmetry, ebering_ghost_xom, grunt_ministairs_10
Zig:4

Skill      XL: |  1  2  3  4  5  6  7  8  9 10 11 12 13 14 15 16 17 18 19 20 21 22 23 24 25 26 |
---------------+-------------------------------------------------------------------------------+-----
Long Blades    | 2 3 4 5 7 8 9 11 13 14 15 16 17 18 19 20 | 20.3
Shields        | 3 4 5 7 8 9 10 11 12 14 15 17 18 19 20 21 22 23 25 26 | 26.9
Armour         | 3 4 5 6 7 8 9 10 11 12 13 14 15 16 17 | 17.6
Dodging        | 1 2 3 4 |  4.8
Fighting       | 4 5 6 7 8 9 11 12 13 14 15 16 17 18 19 20 | 20.2
Stealth        | 1 2 |  2.6
Invocations    | 2 3 4 5 6 |  6.3
Evocations     | 1 |  1.8
Short Blades   | 1 |  1.6

Action                   |  1- 3 |  4- 6 |  7- 9 | 10-12 | 13-15 | 16-18 | 19-21 | 22-24 | 25-27 || total
-------------------------+-------+-------+-------+-------+-------+-------+-------+-------+-------++-------
Melee: Long sword        |   115 |   203 |   342 |   684 |       |       |       |       |       ||  1344
       Headbutt          |    19 |    45 |    81 |   242 |   370 |   400 |   547 |   660 |   364 ||  2728
       Kick              |       |       |   111 |   106 |       |   544 |   852 |  1022 |   588 ||  3223
       Demon blade       |       |       |       |   196 |  1518 |  1321 |  1670 |  1751 |   868 ||  7324
       Dagger            |       |       |       |    13 |       |       |       |       |       ||    13
       Scimitar          |       |       |       |       |    31 |       |       |       |       ||    31
       Double sword      |       |       |       |       |       |   332 |       |       |   138 ||   470
Invok: Heroism           |       |       |     5 |    19 |    15 |    17 |     4 |       |     5 ||    65
       Finesse           |       |       |       |     6 |     3 |     2 |       |       |       ||    11
Evoke: Wand              |       |     5 |     1 |     8 |       |       |       |     1 |     1 ||    16
       Phial of floods   |       |       |       |       |       |     1 |       |       |       ||     1
  Use: Scroll            |       |     3 |     6 |    15 |    11 |    17 |     2 |    20 |    18 ||    92
       Potion            |       |     1 |     1 |     6 |     3 |     6 |       |       |     3 ||    20
 Stab: Distracted        |       |       |       |       |       |       |     1 |       |       ||     1
  Eat: Chunk             |     1 |     7 |    12 |    16 |    41 |    60 |    26 |    27 |    14 ||   204
       Ration            |       |       |       |     4 |     3 |       |     1 |     6 |     3 ||    17
Armor: Scale mail        |    84 |    59 |       |       |       |       |       |       |       ||   143
       Chain mail        |       |    70 |   126 |    26 |   314 |       |       |       |       ||   536
       Plate armour      |       |       |    22 |   281 |       |       |       |       |       ||   303
       Crystal plate arm |       |       |       |       |   241 |  1081 |   612 |   751 |   398 ||  3083
Dodge: Dodged            |    62 |    77 |    87 |   179 |   270 |   336 |   294 |   353 |   250 ||  1908
Block: Shield            |    93 |   127 |   182 |   438 |   289 |       |       |       |       ||  1129
       Large shield      |       |       |       |       |   891 |  2015 |  2167 |  2416 |  1518 ||  9007
       Reflection        |       |       |       |       |       |       |   108 |    98 |    44 ||   250
       Rpst.: Long sword |    21 |    28 |    20 |    27 |       |       |       |       |       ||    96
       Demon blade       |       |       |       |    13 |    51 |    47 |    62 |    47 |    25 ||   245
       Scimitar          |       |       |       |       |     3 |       |       |       |       ||     3
       Double sword      |       |       |       |       |       |    11 |       |       |    13 ||    24
